 Dungeon Crawl Stone Soup version 0.28-a0-1415-g7c84da036a (webtiles) character file.

Game seed: 1934506950084924064

1450 Shayle the Nimble (level 8, -10/74 HPs)
             Began as an Ogre Warper on Jan 7, 2022.
             Was an Initiate of Ru.
             Engulfed by a steam dragon's steam (15 damage)
             ... on level 6 of the Dungeon on Jan 8, 2022.
             The game lasted 00:18:28 (7212 turns).

Shayle the Nimble (Ogre Warper)                     Turns: 7212, Time: 00:18:29

Health: -10/74     AC: 10    Str: 16    XL:     8   Next: 75%
Magic:  11/11      EV: 15    Int: 14    God:    Ru [......]
Gold:   357        SH:  0    Dex: 20    Spells: 11/11 levels left

rFire   . . .      SeeInvis .   y - +8 war axe of Success {protect, rN++ rCorr Dex+4}
rCold   . . .      Faith    .   (no shield)
rNeg    + + .      Spirit   .   a - +0 robe
rPois   .          Reflect  .   (helmet restricted)
rElec   .          Harm     .   (no cloak)
rCorr   +          Rampage  .   (gloves unavailable)
Will    .....                   (boots unavailable)
Stlth   ++........              (no amulet)
HPRegen 0.22/turn               i - +6 ring of dexterity
MPRegen 0.12/turn               (no ring)

@: under a protective aura
A: large, unfitting armour, tough skin 1
a: Renounce Religion


You were on level 6 of the Dungeon.
You worshipped Ru.
Ru was noncommittal.
You visited 2 branches of the dungeon, and saw 7 of its levels.

You collected 357 gold pieces.

Inventory:

Hand Weapons
 e - a +2 short sword of venom
 q - a +0 vorpal hand axe
 t - a +2 flail of pain
 u - a +3 dagger
 y - the +8 war axe of Success (weapon) {protect, rN++ rCorr Dex+4}
   (You found it on level 4 of the Dungeon)

   It grants its wielder temporary protection when it strikes (+7 to AC).
   Dex:       It affects your dexterity (+4).
   rN:        It greatly protects you from negative energy.
   rCorr:     It protects you from acid and corrosion.
 B - the +8 rapier of Tension {drain, rPois rN+++ Will+ Str+4 Int-4}
   (You found it on level 5 of the Dungeon)

   A truly terrible weapon, it drains the life of any living foe it strikes.
   Str:       It affects your strength (+4).
   Int:       It affects your intelligence (-4).
   rPois:     It protects you from poison.
   rN:        It renders you almost immune to negative energy.
   Will:      It increases your willpower.
Missiles
 c - 4 boomerangs of dispersal (quivered)
 r - 10 poisoned darts
Armour
 a - a +0 robe (worn)
Jewellery
 i - a +6 ring of dexterity (left hand)
Wands
 p - a wand of iceblast (11)
Scrolls
 b - a scroll of blinking
 d - 3 scrolls of fog {unknown}
 f - a scroll of noise {unknown}
 g - a scroll of enchant weapon {unknown}
 h - 6 scrolls of teleportation {unknown}
 j - 4 scrolls of immolation {unknown}
 k - a scroll of torment {unknown}
 z - a scroll of magic mapping {unknown}
 A - a scroll of fear {unknown}
 C - a scroll of vulnerability {unknown}
 D - a scroll of silence {unknown}
Potions
 l - a potion of degeneration
 m - 3 potions of ambrosia
 n - 2 potions of cancellation {unknown}
 o - a potion of attraction {unknown}
 s - a potion of lignification
 v - 3 potions of resistance
 w - a potion of flight
 x - a potion of mutation {unknown}


   Skills:
 - Level 2.6 Fighting
 - Level 1.0 Throwing
 + Level 8.4 Dodging
 - Level 5.4 Unarmed Combat
 - Level 2.4 Spellcasting
 - Level 2.6 Translocations


You had 11 spell levels left.
You didn't know any spells.
Your spell library contained the following spells:

 Spells                   Type           Power      Damage    Failure   Level
 Apportation              Tloc           18%        N/A       8%          1
 Blink                    Tloc           18%        N/A       12%         2
 Animate Skeleton         Necr           2%         N/A       22%         1
 Magic Dart               Conj           4%         1d3       22%         1
 Summon Small Mammal      Summ           4%         N/A       22%         1
 Gell's Gravitas          Tloc           9%         N/A       22%         3
 Lesser Beckoning         Tloc           9%         N/A       22%         3
 Teleport Other           Tloc           9%         N/A       22%         3
 Call Imp                 Summ           1%         N/A       34%         2
 Mephitic Cloud           Conj/Pois/Air  1%         N/A       56%         3
 Manifold Assault         Tloc           9%         N/A       91%         5


Dungeon Overview and Level Annotations

Branches:
Dungeon (6/15)             Temple (1/1) D:4

Altars:
Ashenzari
Dithmenos
Kikubaaqudgha
Ru
Sif Muna
Trog
Uskayaw
The Shining One

Shops:
D:3 =   D:4 *=

Annotations:
D:3 1 runed translucent door, Crazy Yiuf


Innate Abilities, Weirdness & Mutations

You are too large for most types of armour.
You have tough skin. (AC +1)


Message History

You see here a +0 lajatang.
Found a club.
Found a stone staircase leading up.
A steam dragon comes into view.
The steam dragon breathes steam at you. The ball of steam hits you!
You hear a shout!
You are engulfed in a cloud of scalding steam.
Found a dagger.
You are engulfed in a cloud of scalding steam.
The steam dragon breathes steam at you. The ball of steam misses you.
You hear a shout! x4
You closely miss the steam dragon.
You are engulfed in a cloud of scalding steam.
The steam dragon bites you. The steam dragon misses you.
You hit the steam dragon.
Your weapon exudes an aura of protection.
The steam dragon is lightly wounded.
You are engulfed in a cloud of scalding steam.
The steam dragon misses you. The steam dragon closely misses you.
The steam dragon barely misses you. The steam dragon claws you.
You slash the steam dragon!
The steam dragon is heavily wounded.
The steam dragon bites you but does no damage.
The steam dragon closely misses you.
You hit the steam dragon but do no damage.
The steam dragon is heavily wounded.
The steam dragon misses you. x2
The steam dragon breathes steam at you. The ball of steam hits you!
You barely miss the steam dragon.
The steam dragon is heavily wounded.
You are engulfed in a cloud of scalding steam.
* * * LOW HITPOINT WARNING * * *
The steam dragon barely misses you.
The steam dragon claws you but does no damage.
You slash the steam dragon!
The steam dragon is almost dead.
You are engulfed in a cloud of scalding steam.
You die...

...............#
#.............<#
#.......).....#
#.............# ###
#.............# ...
#.............###
#####.##.............# .
#.......§§.§...####..###
#.....D@§§§...## #.....
#........###### #.....
#........# #.....
#........# #.....
####...... ####..
#....... #.... #.......
#.... #......). #....
#....


You could see a steam dragon (catching breath).

Vanquished Creatures
  A shadow (D:5)
  Edmund (D:4)
  An ice beast (D:5)
  2 black bears
  An ogre (D:5)
  A scorpion (D:4)
  A wyvern zombie (D:6)
  A howler monkey (D:3)
  3 vampire bats (D:3)
  A bullfrog zombie (D:5)
  3 hounds
  3 orc priests
  5 iguanas
  An orc wizard (D:5)
  A hound zombie (D:5)
  A hound skeleton (D:4)
  6 adders
  A gnoll (D:1)
  An ufetubus (D:2)
  A worm (D:2)
  3 dart slugs
  10 orcs
  5 bats
  3 bat skeletons (D:3)
  3 bat zombies (D:3)
  7 endoplasms
  5 giant cockroaches
  7 goblins
  A hobgoblin (D:4)
  7 jackals
  2 quokkas
  4 ball pythons
  5 frilled lizards
  7 kobolds
  4 rats
109 creatures vanquished.

Vanquished Creatures (others)
  8 fungi
  3 toadstools (D:2)
11 creatures vanquished.

Grand Total: 120 creatures vanquished

Notes
Turn   | Place    | Note
-------+----------+-------------------------------------------
     0 | D:1      | Shayle the Ogre Warper began the quest for the Orb.
     0 | D:1      | Reached XP level 1. HP: 22/22 MP: 3/3
   341 | D:1      | Reached XP level 2. HP: 28/29 MP: 5/5
   991 | D:1      | Reached XP level 3. HP: 36/36 MP: 6/6
  1039 | D:2      | Found a faded altar of an unknown god.
  1393 | D:2      | Reached skill level 3 in Dodging
  1583 | D:2      | Reached XP level 4. HP: 44/44 MP: 7/7
  1775 | D:2      | Found a shimmering blue altar of Sif Muna.
  1954 | D:3      | Reached XP level 5. HP: 25/50 MP: 8/8
  2892 | D:3      | Reached skill level 4 in Dodging
  2900 | D:3      | Reached XP level 6. HP: 18/59 MP: 9/9
  3515 | D:3      | Found an ancient bone altar of Kikubaaqudgha.
  3580 | D:3      | Found a runed translucent door.
  3581 | D:3      | Noticed Crazy Yiuf
  3762 | D:3      | Found Buqoy's Jewellery Shop.
  3942 | D:4      | Found Mah Raik's Jewellery Shop.
  4061 | D:4      | Noticed Edmund
  4097 | D:4      | Killed Edmund
  4098 | D:4      | Reached skill level 5 in Dodging
  4098 | D:4      | Reached XP level 7. HP: 16/66 MP: 10/10
  4348 | D:4      | Found a staircase to the Ecumenical Temple.
  4358 | D:4      | Reached skill level 5 in Unarmed Combat
  4477 | Temple   | Entered the Ecumenical Temple
  4520 | Temple   | Became a worshipper of Ru the Awakened
  4678 | D:4      | Found a shadowy altar of Dithmenos.
  4678 | D:4      | Found a hide-covered altar of Uskayaw.
  5055 | D:4      | Identified the +8 war axe of Success {protect, rN++ rCorr
                  | Dex+4}
  5293 | D:4      | Found Such's Lightly-Used Armoury.
  5506 | D:5      | Entered Level 5 of the Dungeon
  5511 | D:5      | Identified the +8 rapier of Tension {drain, rPois rN+++
                  | Will+ Str+4 Int-4}
  5632 | D:5      | Reached skill level 6 in Dodging
  5765 | D:4      | Reached XP level 8. HP: 41/74 MP: 11/11
  6146 | D:5      | Reached skill level 7 in Dodging
  6275 | D:5      | Noticed a shadow
  6295 | D:5      | Killed a shadow
  6990 | D:6      | Reached skill level 8 in Dodging
  7212 | D:6      | Engulfed by a steam dragon's steam

Illustrated notes

Levels and vault maps discovered:
D:1:      eino_arrival_water_cross, layout_basic, chequers_decorated_corner,
          st_stairs_3
D:2:      layout_loops_ring, nicolae_ecumenical_pavilion, basic_altar,
          minmay_gold_behind_fungi
D:3:      layout_rooms, kennysheep_vampire_church, serial_glass,
          glass_columns_c, glass_columns_b, serial_shops,
          nicolae_shop_hallway_plus, uniq_crazy_yiuf_cottage
D:4:      layout_loops_cross, jmf_multi_god_temple,
          minmay_temple_entry_proselytizer, serial_shops, shop,
          minmay_shop_damaged, minmay_increasing_density, uniq_edmund
D:5:      layout_rooms
D:6:      layout_basic, serial_aquarium, aquarium_bridge_square
          [aquarium_subvault_bridge, aquarium_subvault_bridge,
          aquarium_subvault_wall, aquarium_subvault_window], aquarium_window_1,
          aquarium_window_fake, aquarium_window_3, aquarium_view_2c,
          aquarium_balcony_3b, aquarium_pool_corner, uniq_eustachio
Temple:   dpeg_five_rooms_temple

Skill      XL: |  1  2  3  4  5  6  7  8 |
---------------+-------------------------+-----
Unarmed Combat | 2 3 4 5 |  5.4
Dodging        | 3 4 5 6 8 |  8.4
Fighting       | |  2.6
Throwing       | |  1.0
Spellcasting   | |  2.4
Translocations | |  2.6

Action                   |  1- 3 |  4- 6 |  7- 9 || total
-------------------------+-------+-------+-------++-------
Melee: Unarmed           |     9 |       |       ||     9
       Short sword       |    66 |   161 |    50 ||   277
       Punch             |     3 |     4 |     6 ||    13
       War axe           |       |       |    85 ||    85
Throw: Boomerang         |       |       |     1 ||     1
Invok: Reject Sacrifices |       |       |     1 ||     1
Evoke: Wand              |       |     1 |       ||     1
  Use: Scroll            |       |       |     4 ||     4
       Potion            |       |       |     4 ||     4
 Stab: Sleeping          |     1 |     1 |     3 ||     5
Armor: Robe              |    26 |   104 |    32 ||   162
       Skin              |       |       |     1 ||     1
Dodge: Dodged            |    32 |   149 |   121 ||   302

Table legend: (Time is in decaauts)
 A = Elapsed time spent in this place.
 B = Non-inter-level travel time spent in this place.
 C = Inter-level travel time spent in this place.
 D = Time resting spent in this place.
 E = Time spent auto-exploring this place.
 F = Levels seen in this place.
 G = Mean time per level.
                   A        B        C        D        E       F      G
               +--------+--------+--------+--------+--------+-----+--------+
         Total |   7283 |   7120 |    163 |   2228 |   3383 |   7 | 1040.4 |
       Dungeon |   7210 |   7076 |    134 |   2228 |   3345 |   6 | 1201.7 |
        Temple |     72 |     43 |     29 |      0 |     38 |   1 |   72.0 |
               +--------+--------+--------+--------+--------+-----+--------+

Top non-repeatable levels by time:
     D:4: 2112 daAuts
     D:3: 1940 daAuts
     D:1: 1040 daAuts
     D:5: 943 daAuts
     D:2: 918 daAuts
     D:6: 255 daAuts
  Temple: 72 daAuts
